 Dungeon Crawl Stone Soup version 0.28.0-43-g3370ac3207 (webtiles) character file.

Game seed: 16836879000749319162

147 bnorton916 the Chiller (level 5, -2/35 HPs)
             Began as a Barachi Ice Elementalist on Mar 23, 2022.
             Slain by Sigmund
             ... wielding a +4 scythe of venom
              (4 damage)
             ... on level 3 of the Dungeon.
             The game lasted 00:06:46 (4826 turns).

bnorton916 the Chiller (Barachi Ice Elementalist)   Turns: 4826, Time: 00:06:47

Health: -2/35      AC: 10    Str: 10    XL:     5   Next: 29%
Magic:  1/11       EV: 12    Int: 17    God:
Gold:   113        SH:  5    Dex: 12    Spells: 5/12 levels left

rFire   . . .      SeeInvis .   f - +0 long sword
rCold   . . .      Faith    .   (no shield)
rNeg    . . .      Spirit   .   a - +0 robe
rPois   .          Reflect  +   (no helmet)
rElec   .          Harm     .   q - +0 cloak
rCorr   .          Rampage  .   (no gloves)
Will    .....                   (no boots)
Stlth   ++........              b - amulet of reflection
HPRegen 0.11/turn               (no ring)
MPRegen 0.12/turn               (no ring)

@: lethally poisoned (-2 -> -7), ice-armoured, about to teleport, unable to hop,
freezing walls, hasted, quick
A: amphibious, slowness 1, strong legs 1, +LOS
a: Hop


You were on level 3 of the Dungeon.
You visited 1 branch of the dungeon, and saw 3 of its levels.

You collected 113 gold pieces.

Inventory:

Hand Weapons
 f - a +0 long sword (weapon)
 n - a +1 flail of protection
Missiles
 i - 124 stones (quivered)
 k - 6 throwing nets
Armour
 a - a +0 robe (worn)
 m - a +1 chain mail of cold resistance
 q - a +0 cloak (worn)
Jewellery
 b - an amulet of reflection (around neck)
Scrolls
 c - a scroll of fog
 d - a scroll of identify {unknown}
 j - a scroll of noise {unknown}
 o - a scroll of immolation
 p - a scroll of blinking {unknown}


   Skills:
 - Level 2.1 Dodging
 - Level 1.7 Stealth
 + Level 4.1 Spellcasting
 + Level 6.4 Ice Magic


You had 5 spell levels left.
You knew the following spells:

 Your Spells              Type           Power      Damage    Failure   Level
a - Freeze                Ice            100%       1d11      1%          1
b - Frozen Ramparts       Ice            50%        1d7       3%          3
c - Ozocubu's Armour      Ice            25%        N/A       3%          3

Your spell library contained the following spells:

 Spells                   Type           Power      Damage    Failure   Level
 Sting                    Tmut/Pois      12%        1d3       16%         1
 Poisonous Vapours        Pois/Air       6%         N/A       24%         2
 Hailstorm                Conj/Ice       14%        3d5       38%         4
 Call Canine Familiar     Summ           3%         N/A       43%         3
 Gell's Gravitas          Tloc           3%         N/A       43%         3
 Portal Projectile        Hex/Tloc       6%         N/A       43%         3
 Teleport Other           Tloc           3%         N/A       43%         3
 Leda's Liquefaction      Hex/Erth       1%         N/A       83%         4
 Olgreb's Toxic Radiance  Pois           3%         N/A       83%         4
 Dispersal                Tloc           1%         N/A       100%        6


Dungeon Overview and Level Annotations

Branches:
Dungeon (3/15)

Altars:

Annotations:
D:3 Sigmund


Innate Abilities, Weirdness & Mutations

You are amphibious.
You cover ground slowly.
You can hop short distances.
You have an extended range of vision and can be seen from far away.


Message History

You can't see any susceptible monsters within range! (Use Z to cast anyway.)
Casting: Ozocubu's Armour (dangerous; 3% risk of failure)
Confirm with . or Enter, or press ? or * to list all spells.
Casting: Frozen Ramparts (dangerous; 3% risk of failure)
Press: ? - help, Dir - look around, f - activate The walls around you are covered in ice.
The wall freezes something. x2; Something hits you but does no damage.
You are poisoned.
Unknown command.
It was a potion of haste.
You feel yourself speed up.
You feel sick.
You aren't carrying any items that you can evoke.
Unknown command.
Unknown command.
As you read the scroll labelled VEPTUT WEAZXESYTH, it crumbles to dust.
The scroll dissolves into smoke.
It was a scroll of fog.
You feel sick.
The wall freezes something.
A magic dart appears from out of thin air!
The magic dart hits you.
As you read the scroll labelled ICOAL XY HEUTE, it crumbles to dust.
You feel strangely unstable.
It was a scroll of teleportation.
You feel sick.
As you read the scroll labelled LORIGR FIECW, it crumbles to dust.
The creatures around you are filled with an inner flame!
It was a scroll of immolation.
You feel sick.
The wall freezes something.
Flame seeps out of something.
Something hits you.
* * * LOW HITPOINT WARNING * * *
You are lethally poisoned!
Unknown command.
* * * LOW HITPOINT WARNING * * *
You feel sick.
* * * LOW HITPOINT WARNING * * *
You feel sick.
The wall freezes something.
Flame seeps out of something.
You block something's attack.
* * * LOW HITPOINT WARNING * * *
You feel sick.
* * * LOW HITPOINT WARNING * * *
You feel sick.
* * * LOW HITPOINT WARNING * * *
You feel sick.
The wall freezes something.
Flame seeps out of something.
Something hits you.
You die...

...# # #.# .### #.#.# # .#
#.#.##.# .#### #......# ....#
###.######## .##.#####.#.. ..#
..........#.# #§##########
.##.#######.####§##.......##(#
.##.# #.##§§@§{.........(.
.##.# ####.##§#§##.#..##.##.#
....# ##.......#§##.#..# .####
#..........##.#### .##
#..####..####.. ..# #........#
### ..#####..#.##.###
)........#......#
................#


There were no monsters in sight!

Vanquished Creatures
  3 gnolls
  5 adders
  A worm (D:2)
  4 orcs (D:3)
  5 bats
  4 endoplasms
  2 giant cockroaches
  7 goblins
  5 hobgoblins
  4 jackals (D:2)
  3 kobolds
  10 ball pythons
  3 frilled lizards
  8 rats
64 creatures vanquished.

Vanquished Creatures (others)
  5 plants (D:1)
5 creatures vanquished.

Grand Total: 69 creatures vanquished

Notes
Turn   | Place    | Note
-------+----------+-------------------------------------------
     0 | D:1      | bnorton916 the Barachi Ice Elementalist began the quest for
                  | the Orb.
     0 | D:1      | Reached XP level 1. HP: 13/13 MP: 3/3
   348 | D:1      | Reached skill level 5 in Ice Magic
   490 | D:1      | Reached XP level 2. HP: 15/19 MP: 3/5
  1505 | D:1      | Found a faded altar of an unknown god.
  1684 | D:1      | Reached XP level 3. HP: 24/24 MP: 0/7
  1953 | D:1      | Learned a level 3 spell: Frozen Ramparts
  1957 | D:1      | Learned a level 3 spell: Ozocubu's Armour
  2438 | D:2      | Reached XP level 4. HP: 29/30 MP: 7/9
  2940 | D:2      | Reached skill level 6 in Ice Magic
  4203 | D:3      | Reached XP level 5. HP: 33/35 MP: 6/10
  4788 | D:3      | Noticed Sigmund
  4826 | D:3      | Slain by Sigmund

Illustrated notes

Levels and vault maps discovered:
D:1:      dpeg_arrival_more_subterranean_lakeside_camping, layout_basic,
          shapermc_ecumenical_altar_mp_urbaneastern,
          chequers_serial_rivers_micro_b
D:2:      cheibrodos_helix_gallery, layout_basic
D:3:      layout_loops_cross, uniq_sigmund

Skill      XL: |  1  2  3  4  5 |
---------------+----------------+-----
Ice Magic      | 5 6 |  6.4
Spellcasting   | 3 4 |  4.1
Dodging        | |  2.1
Stealth        | |  1.7

Action                   |  1- 3 |  4- 6 || total
-------------------------+-------+-------++-------
Melee: Long sword        |    17 |    20 ||    37
       Unarmed           |     1 |       ||     1
Throw: Dart              |       |    16 ||    16
       Stone             |       |     2 ||     2
 Cast: Freeze            |    28 |    23 ||    51
       Frozen Ramparts   |     1 |    12 ||    13
       Ozocubu's Armour  |       |     3 ||     3
 Abil: Hop               |       |     1 ||     1
  Use: Scroll            |       |     3 ||     3
       Potion            |       |     2 ||     2
 Stab: Sleeping          |     1 |       ||     1
Armor: Robe              |     6 |    13 ||    19
Dodge: Dodged            |    29 |    33 ||    62
Block: Other             |    15 |     8 ||    23
       Reflection        |     3 |       ||     3
